 Dungeon Sprint DCSS version 0.30-a0-800-g7c544603b3 (webtiles) character file.

Game seed: 2795578500585659291

11900000 BigDaddyOpFi the Intangible (level 27, -35/296 HPs)
             Began as a Djinni Warper on Feb 22, 2023.
             Was the Champion of Makhleb.
             Annihilated by The Servant
             ... wielding a +9 glaive of flaming
              (129 damage)
             ... in the Dungeon (Sprint VIII: "Arena of Blood").
             The game lasted 00:03:02 (119 turns).

BigDaddyOpFi the Intangible (Djinni Warper)          Turns: 119, Time: 00:03:03

Health: -35/296    AC: 27    Str: 10    XL:     27
Gold:   0          EV: 40    Int: 15    God:    Makhleb [******] SH:  0 Dex: 27

rFire   + + .      SeeInvis .    h - +∞ Axe of Woe
rCold   x . .      Faith    .    (shield currently unavailable)
rNeg    + . .      Spirit   .    (body armour currently unavailable)
rPois   ∞          Reflect  .    (no helmet)
rElec   +          Harm     .    (no cloak)
rCorr   .          Rampage  .    (gloves currently unavailable)
Will    ++...      NoTele   +    (boots unavailable)
Stlth   ++++++++++               (no amulet)
HPRegen 0.69/turn                (no ring)
MPRegen 0.00/turn                (no ring)

@: statue-form (expiring), flying, slowed, very slow
A: slow and powerful, torment resistance 1, flying, boosted hp, sickness
immunity, fire resistance 2, cold vulnerability 1, float, innate caster, HP
casting, extra vitality 1
a: End Transformation, Renounce Religion, Minor Destruction, Lesser Servant of
Makhleb, Major Destruction, Greater Servant of Makhleb


You were in the Dungeon.
You worshipped Makhleb.
Makhleb was exalted by your worship.
You were a living statue of rough stone.
You visited 1 branch

Inventory:

Hand Weapons
 h - the +∞ Axe of Woe (weapon)
   (You found it in the Dungeon)
Missiles
 c - 7 boomerangs of dispersal (quivered)
Armour
 a - a +0 leather armour (melded)
Scrolls
 b - 2 scrolls of blinking
Potions
 d - a potion of curing
 e - a potion of heal wounds
 g - a potion of berserk rage


   Skills:
 O Level 27 Fighting
 O Level 27 Short Blades
 O Level 27 Long Blades
 O Level 27 Axes
 O Level 27 Maces & Flails
 O Level 27 Polearms
 O Level 27 Staves
 O Level 27 Ranged Weapons
 O Level 27 Throwing
 O Level 27 Armour
 O Level 27 Dodging
 O Level 27 Stealth
 O Level 27 Shields
 O Level 27 Unarmed Combat
 O Level 27 Spellcasting
 O Level 27 Invocations
 O Level 27 Evocations


You knew the following spells:

 Your Spells              Type           Power      Damage    Failure   Level
a - Blink                 Tloc           100%       N/A       0%          2
b - Lesser Beckoning      Tloc           100%       N/A       0%          2
c - Vhi's Electric Charg  Tloc/Air       100%       N/A       0%          3
d - Teleport Other        Tloc           79%        N/A       0%          3
e - Manifold Assault      Tloc           79%        N/A       0%          4
f - Slow                  Hex            100%       N/A       0%          1
g - Ensorcelled Hibernat  Hex/Ice        100%       N/A       0%          2
h - Spider Form           Tmut/Pois      79%        N/A       0%          3
i - Leda's Liquefaction   Hex/Erth       39%        N/A       0%          4
j - Iskenderun's Mystic   Conj/Tloc      79%        2d16      0%          4
k - Borgnjor's Vile Clut  Necr/Erth      39%        N/A       0%          5
l - Conjure Ball Lightni  Conj/Air       39%        3x3d13    0%          6
m - Haunt                 Necr/Summ      39%        N/A       1%          7
n - Statue Form           Tmut/Erth      52%        N/A       0%          6
o - Discord               Hex            39%        N/A       1%          8
p - Summon Horrible Thin  Summ           39%        N/A       1%          8
q - Fire Storm            Conj/Fire      39%        8d10      2%          9
r - Polar Vortex          Ice            39%        N/A       2%          9
Your spell library was empty.

Dungeon Overview and Level Annotations

Branches:
Dungeon (1/1)

Altars:
Makhleb

Annotations:
D The Servant


Innate Abilities, Weirdness & Mutations

You are a living statue of rough stone.
Your actions are slow, but your melee attacks are powerful.
You are resistant to unholy torment.
You are flying.
Your maximum health is greatly increased.
Your equipment is partially melded.
You are immune to sickness and miasma.
You are immune to poison.
Your flesh is very heat resistant. (rF++)
You are vulnerable to cold. (rC-)
You float through the air rather than walking.
You learn spells naturally, not from books.
Your magical power is your life essence.
You have superior vitality. (+4 MHP)


Message History

The fleshlord convulses!
The bag of meat hits you but does no damage.
An eight-headed meat hydra comes into view.
You hear a shout! x2
Unknown command.
The eight-headed meat hydra roars!
You cut the bag of meat into ribbons!!!
You cleave the bag of meat in twain.
You blow up the bag of meat!
Makhleb accepts your kill.
You hit something.
You pulverise something into a thin bloody mist.
Makhleb accepts your kill.
You feel better.
Reactivating autopickup.
You feel a bit more experienced.
You slice the bag of meat!!
You fatally mangle the bag of meat.
You kill the bag of meat!
Makhleb accepts your kill.
You feel better.
You slice the bag of meat!!
You dissect the bag of meat like a pig carcass.
You blow up the bag of meat!
Makhleb accepts your kill.
The destroyer appears out of thin air!
A destroyer comes into view. It is wielding a +9 heavy great sword.
You hear a shout! x6
An eight-headed meat hydra comes into view.
You hear a shout!
The Servant hits you from afar with a +9 glaive of flaming!
The Servant burns you.
You hear a shout!
The fleshlord mumbles some strange words.
The fleshlord seems to speed up.
A bag of meat comes into view. It is wielding a +9 war axe. x2
The eight-headed meat hydra calls on the powers of darkness!
The eight-headed meat hydra convulses!
The fleshlord convulses!
Your body is wracked with pain!
The bag of meat convulses!
The eight-headed meat hydra convulses!
You hear a shout!
The Servant hits you from afar with a +9 glaive of flaming!!!!
You die...
X○

..... #V§ ...#
#§. ...# L
.###§. ...###§o
..o...###......
...D.._.)...
#..W))# #_o<)_#
#@)8))#
o.....)_)......
z....p###......
O###.V .D.###..
#.. ...# . #)
...# .. .....
.. ..


You could see The Servant, 2 eight-headed meat hydras, 2 destroyers, a fleshlord
(fast), a sculptor of flesh, a dread, a meat berserker (berserk) and 3 bags of
meat.

Vanquished Creatures
  2 hell knights (D)
  13 hell beasts (D)
  3 royal mummies (D)
  3 great orbs of eyes (D)
  7 wraiths (D)
  16 vampire knights (D)
  39 ogres (D)
  2 two-headed ogres (D)
  8 liches (D)
  4 hydras (D)
  2 phantoms (D)
  79 orcs (D)
  9 skeletal warriors (D)
  A nameless horror (D)
188 creatures vanquished.

Vanquished Creatures (others)
  3 two-headed ogres (D)
  3 orcs (D)
6 creatures vanquished.

Grand Total: 194 creatures vanquished

Notes
Turn   | Place    | Note
-------+----------+-------------------------------------------
     0 | D        | Found the +∞ Axe of Woe
     0 | D        | BigDaddyOpFi the Djinni Warper began the quest for the Orb.
     0 | D        | BigDaddyOpFi set off with the following spells memorised:
                  | Blink, Lesser Beckoning, Vhi's Electric Charge, Teleport
                  | Other, Manifold Assault.
     0 | D        | Reached XP level 1. HP: 18/18 MP: 0/0
     2 | D        | Noticed a bag of meat
     3 | D        | Noticed a meat berserker
     3 | D        | Noticed a bag of meat
     4 | D        | Became a worshipper of Makhleb the Destroyer
     6 | D        | Noticed a meat berserker
     7 | D        | Killed a meat berserker
     7 | D        | Noticed a bag of meat
     7 | D        | Noticed a bag of meat
     7 | D        | Noticed a bag of meat
     8 | D        | Reached skill level 10 in Fighting
     8 | D        | Reached skill level 10 in Armour
     8 | D        | Reached skill level 10 in Unarmed Combat
     8 | D        | Reached skill level 10 in Invocations
     8 | D        | Reached XP level 2. HP: 36/36 MP: 0/0
     8 | D        | Reached XP level 3. HP: 41/41 MP: 0/0
     8 | D        | Learned a level 1 spell: Slow
     8 | D        | Reached XP level 4. HP: 47/47 MP: 0/0
     8 | D        | Reached XP level 5. HP: 52/52 MP: 0/0
     8 | D        | Learned a level 2 spell: Ensorcelled Hibernation
     8 | D        | Reached XP level 6. HP: 58/58 MP: 0/0
     8 | D        | Reached XP level 7. HP: 64/64 MP: 0/0
     8 | D        | Learned a level 3 spell: Spider Form
     8 | D        | Reached XP level 8. HP: 69/69 MP: 0/0
     8 | D        | Reached XP level 9. HP: 75/75 MP: 0/0
     8 | D        | Learned a level 4 spell: Leda's Liquefaction
     8 | D        | Reached XP level 10. HP: 81/81 MP: 0/0
     8 | D        | Reached XP level 11. HP: 86/86 MP: 0/0
     8 | D        | Learned a level 4 spell: Iskenderun's Mystic Blast
     8 | D        | Reached XP level 12. HP: 92/92 MP: 0/0
     8 | D        | Killed a bag of meat
     8 | D        | Reached * piety under Makhleb
     8 | D        | Noticed a bag of meat
     9 | D        | Reached skill level 10 in Stealth
     9 | D        | Reached XP level 13. HP: 99/99 MP: 0/0
     9 | D        | Learned a level 5 spell: Borgnjor's Vile Clutch
     9 | D        | Killed a bag of meat
     9 | D        | Noticed a bag of meat
     9 | D        | Noticed a meat berserker
     9 | D        | Noticed a bag of meat
     9 | D        | Noticed a meat berserker
    10 | D        | Reached skill level 10 in Axes
    10 | D        | Reached skill level 10 in Throwing
    10 | D        | Killed a meat berserker
    11 | D        | Reached skill level 10 in Spellcasting
    11 | D        | Reached XP level 14. HP: 110/110 MP: 0/0
    11 | D        | Killed a meat berserker
    11 | D        | Reached ** piety under Makhleb
    11 | D        | Noticed a bag of meat
    12 | D        | Reached skill level 15 in Dodging
    12 | D        | Reached XP level 15. HP: 80/117 MP: 0/0
    12 | D        | Learned a level 6 spell: Conjure Ball Lightning
    12 | D        | Noticed a meat berserker
    13 | D        | Reached skill level 15 in Fighting
    13 | D        | Reached skill level 15 in Armour
    13 | D        | Reached skill level 15 in Unarmed Combat
    13 | D        | Reached skill level 15 in Invocations
    13 | D        | Killed a meat berserker
    13 | D        | Reached *** piety under Makhleb
    14 | D        | Reached XP level 16. HP: 66/128 MP: 0/0
    14 | D        | Noticed a meat berserker
    15 | D        | Reached skill level 15 in Stealth
    15 | D        | Reached **** piety under Makhleb
    15 | D        | Killed a meat berserker
    15 | D        | Noticed a meat berserker
    15 | D        | Noticed a meat berserker
    16 | D        | Reached XP level 17. HP: 105/137 MP: 0/0
    16 | D        | Learned a level 7 spell: Haunt
    17 | D        | Reached skill level 15 in Axes
    17 | D        | Reached skill level 15 in Throwing
    17 | D        | Reached ***** piety under Makhleb
    17 | D        | Killed a meat berserker
    18 | D        | Noticed a meat berserker
    19 | D        | Reached skill level 15 in Spellcasting
    19 | D        | Reached XP level 18. HP: 148/148 MP: 0/0
    20 | D        | Noticed a meat berserker
    20 | D        | Killed a meat berserker
    20 | D        | Killed a meat berserker
    22 | D        | Noticed a large bag of meat
    22 | D        | Noticed a destroyer
    23 | D        | Killed a meat berserker
    24 | D        | Reached XP level 19. HP: 131/157 MP: 0/0
    24 | D        | Learned a level 6 spell: Statue Form
    24 | D        | Killed a meat berserker
    24 | D        | Noticed a meat berserker
    24 | D        | Noticed a meat berserker
    25 | D        | Noticed a meat berserker
    25 | D        | Noticed a destroyer
    26 | D        | Reached ****** piety under Makhleb
    26 | D        | Noticed a meat berserker
    27 | D        | Noticed a destroyer
    27 | D        | Noticed a sculptor of flesh
    28 | D        | Killed a destroyer
    28 | D        | Noticed a destroyer
    29 | D        | Reached XP level 20. HP: 167/167 MP: 0/0
    29 | D        | Killed a meat berserker
    29 | D        | Killed a meat berserker
    29 | D        | Noticed a destroyer
    29 | D        | Noticed a destroyer
    30 | D        | Noticed a meat berserker
    30 | D        | Killed a large bag of meat
    30 | D        | Killed a meat berserker
    30 | D        | Killed a meat berserker
    30 | D        | Noticed a meat berserker
    31 | D        | Reached XP level 21. HP: 145/180 MP: 0/0
    31 | D        | Learned a level 8 spell: Discord
    31 | D        | Noticed a meat berserker
    31 | D        | Killed a destroyer
    31 | D        | Noticed a destroyer
    31 | D        | Noticed a destroyer
    31 | D        | Noticed a destroyer
    32 | D        | Reached skill level 27 in Dodging
    32 | D        | Killed a destroyer
    32 | D        | Noticed a destroyer
    33 | D        | Reached XP level 22. HP: 175/191 MP: 0/0
    33 | D        | Killed a destroyer
    33 | D        | Noticed a large bag of meat
    33 | D        | Noticed a meat berserker
    34 | D        | Killed a meat berserker
    34 | D        | Killed a meat berserker
    34 | D        | Killed a meat berserker
    35 | D        | Reached skill level 27 in Fighting
    35 | D        | Reached skill level 27 in Armour
    35 | D        | Reached skill level 27 in Stealth
    35 | D        | Reached skill level 27 in Unarmed Combat
    35 | D        | Reached skill level 27 in Invocations
    35 | D        | Reached XP level 23. HP: 201/201 MP: 0/0
    35 | D        | Learned a level 8 spell: Summon Horrible Things
    35 | D        | Killed a destroyer
    35 | D        | Killed a destroyer
    36 | D        | Reached skill level 27 in Axes
    36 | D        | Reached skill level 27 in Throwing
    36 | D        | Reached skill level 27 in Spellcasting
    36 | D        | Reached skill level 1 in Maces & Flails
    36 | D        | Reached skill level 1 in Polearms
    36 | D        | Killed a destroyer
    36 | D        | Killed a destroyer
    37 | D        | Reached skill level 15 in Maces & Flails
    37 | D        | Reached skill level 15 in Polearms
    37 | D        | Reached XP level 24. HP: 208/208 MP: 0/0
    37 | D        | Killed a destroyer
    43 | D        | Reached XP level 25. HP: 214/214 MP: 0/0
    43 | D        | Learned a level 9 spell: Fire Storm
    44 | D        | Killed a destroyer
    47 | D        | Reached skill level 27 in Maces & Flails
    47 | D        | Reached skill level 27 in Polearms
    47 | D        | Noticed a tyrant
    47 | D        | Noticed a tyrant
    50 | D        | Noticed an accursed
    50 | D        | Killed a tyrant
    52 | D        | Reached XP level 26. HP: 221/221 MP: 0/0
    52 | D        | Noticed a dread
    52 | D        | Killed a tyrant
    54 | D        | Reached skill level 27 in Staves
    54 | D        | Reached skill level 5 in Short Blades
    54 | D        | Reached skill level 5 in Long Blades
    54 | D        | Reached skill level 5 in Ranged Weapons
    54 | D        | Noticed a tyrant
    55 | D        | Reached skill level 10 in Short Blades
    55 | D        | Reached skill level 10 in Long Blades
    56 | D        | Reached skill level 10 in Ranged Weapons
    56 | D        | Killed an accursed
    57 | D        | Reached skill level 15 in Shields
    57 | D        | Reached skill level 15 in Evocations
    57 | D        | Reached XP level 27. HP: 228/228 MP: 0/0
    57 | D        | Learned a level 9 spell: Polar Vortex
    59 | D        | Reached skill level 15 in Short Blades
    59 | D        | Reached skill level 15 in Long Blades
    59 | D        | Killed a tyrant
    59 | D        | Killed a dread
    62 | D        | Noticed a dread
    63 | D        | Noticed a dread
    64 | D        | Noticed a tyrant
    65 | D        | Noticed a meat beast
    66 | D        | Noticed a meat beast
    66 | D        | Noticed a meat beast
    67 | D        | Noticed a dread
    68 | D        | Killed a meat beast
    68 | D        | Killed a meat beast
    68 | D        | Noticed a large bag of meat
    69 | D        | Reached skill level 27 in Short Blades
    69 | D        | Reached skill level 27 in Long Blades
    69 | D        | Reached skill level 27 in Ranged Weapons
    69 | D        | Reached skill level 27 in Shields
    69 | D        | Reached skill level 27 in Evocations
    69 | D        | Killed a meat beast
    69 | D        | Noticed a large bag of meat
    73 | D        | Killed a dread
    78 | D        | Killed a large bag of meat
    78 | D        | Killed a dread
    78 | D        | Killed a large bag of meat
    79 | D        | Killed a tyrant
    80 | D        | Noticed a dread
    81 | D        | Killed a dread
    81 | D        | Noticed a destroyer
    84 | D        | Noticed a dread
    84 | D        | Killed a large bag of meat
    84 | D        | Noticed a tyrant
    85 | D        | Noticed a tyrant
    86 | D        | Noticed a meat beast
    86 | D        | Killed a large bag of meat
    87 | D        | Killed a tyrant
    87 | D        | Noticed a meat beast
    88 | D        | Noticed a meat beast
    88 | D        | Noticed an accursed
    89 | D        | Killed a destroyer
    91 | D        | Noticed a tyrant
    91 | D        | Killed a dread
    92 | D        | Killed a meat beast
    92 | D        | Killed a meat beast
    92 | D        | Killed a dread
    93 | D        | Killed a meat beast
    93 | D        | Noticed a meat beast
    94 | D        | Killed a tyrant
    98 | D        | Killed a meat beast
    98 | D        | Noticed a tyrant
    99 | D        | Noticed a meat beast
   101 | D        | Killed a tyrant
   101 | D        | Noticed an accursed
   101 | D        | Noticed a dread
   103 | D        | Noticed a destroyer
   103 | D        | Noticed a meat beast
   104 | D        | Killed an accursed
   104 | D        | Killed a meat beast
   105 | D        | Noticed a tyrant
   106 | D        | Noticed a destroyer
   107 | D        | Noticed a meat beast
   108 | D        | Killed a meat beast
   108 | D        | Killed a destroyer
   108 | D        | Noticed a dread
   109 | D        | Noticed a meat beast
   109 | D        | Noticed a meat beast
   109 | D        | Killed a destroyer
   109 | D        | Noticed a destroyer
   111 | D        | Noticed a fleshlord
   111 | D        | Killed a meat beast
   112 | D        | Noticed a destroyer
   113 | D        | Killed a dread
   113 | D        | Killed a meat beast
   113 | D        | Noticed The Servant
   114 | D        | Killed a meat beast
   114 | D        | Killed a destroyer
   115 | D        | Noticed a destroyer
   115 | D        | Killed a destroyer
   115 | D        | Killed an accursed
   115 | D        | Noticed a fleshlord
   115 | D        | Noticed a fleshlord
   116 | D        | Noticed a meat beast
   116 | D        | Noticed a fleshlord
   117 | D        | Killed a destroyer
   117 | D        | Noticed a destroyer
   118 | D        | Killed a fleshlord
   118 | D        | Killed a tyrant
   118 | D        | Killed a meat beast
   118 | D        | Killed a fleshlord
   119 | D        | Annihilated by The Servant

Illustrated notes

Levels and vault maps discovered:
D:        meatsprint

Skill      XL: |  1  2  3  4  5  6  7  8  9 10 11 12 13 14 15 16 17 18 19 20 21 22 23 24 25 26 27 |
---------------+----------------------------------------------------------------------------------+-----
Fighting       | 10 11 13 14 15 17 19 20 22 24 26 27 | 27.0
Axes           | 8 9 11 12 13 14 16 17 19 20 22 25 27 | 27.0
Throwing       | 8 9 11 12 13 14 16 17 19 20 22 25 27 | 27.0
Armour         | 10 11 13 14 15 17 19 20 22 24 26 27 | 27.0
Dodging        | 11 12 14 15 17 19 20 22 24 26 27 | 27.0
Stealth        | 9 10 12 13 14 16 17 19 20 22 24 27 | 27.0
Unarmed Combat | 10 11 13 14 15 17 19 21 22 24 26 27 | 27.0
Spellcasting   | 8 9 10 11 12 13 15 16 17 19 20 23 27 | 27.0
Invocations    | 10 11 13 14 15 17 19 20 22 24 26 27 | 27.0
Maces & Flails | 15 22 27 | 27.0
Polearms       | 15 22 27 | 27.0
Staves         | 23 27 | 27.0
Short Blades   | 14 27 | 27.0
Long Blades    | 14 27 | 27.0
Ranged Weapons | 13 27 | 27.0
Shields        | 15 27 | 27.0
Evocations     | 15 27 | 27.0

Action                     |  1- 3 |  4- 6 |  7- 9 | 10-12 | 13-15 | 16-18 | 19-21 | 22-24 | 25-27 || total
---------------------------+-------+-------+-------+-------+-------+-------+-------+-------+-------++-------
  Melee: Executioner's axe |     1 |       |       |     1 |     5 |     8 |     7 |     9 |    58 ||    89
   Cast: Statue Form       |       |       |       |       |       |       |     1 |       |       ||     1
         Summon Horrible T |       |       |       |       |       |       |       |       |     1 ||     1
    Use: Potion            |       |       |       |       |       |       |       |       |     1 ||     1
 Armour: Leather armour    |       |       |       |       |       |     1 |       |       |       ||     1
         Skin              |       |       |       |       |       |       |     2 |     3 |    13 ||    18
  Dodge: Dodged            |       |       |       |       |     1 |       |     1 |     4 |    21 ||    27

Table legend: (Time is in decaauts)
 A = Elapsed time spent in this place.
 B = Non-inter-level travel time spent in this place.
 C = Inter-level travel time spent in this place.
 D = Time resting spent in this place.
 E = Time spent auto-exploring this place.
 F = Levels seen in this place.
 G = Mean time per level.
                   A        B        C        D        E       F      G
               +--------+--------+--------+--------+--------+-----+--------+
         Total |    125 |    125 |      0 |      0 |      0 |   1 |  125.0 |
       Dungeon |    125 |    125 |      0 |      0 |      0 |   1 |  125.0 |
               +--------+--------+--------+--------+--------+-----+--------+

Top non-repeatable levels by time:
       D: 125 daAuts
